 Dungeon Crawl Stone Soup version 0.31.0-11-ge490571c62 (webtiles) character file.

Game seed: 12720994753087970341

101 qw the Shooter (level 4, -1/25 HPs)
             Began as a Deep Elf Hunter on Feb 4, 2024.
             Slain by an orc wizard
             ... wielding a +0 dagger
              (3 damage)
             ... on level 3 of the Dungeon.
             The game lasted 00:00:08 (2264 turns).

qw the Shooter (Deep Elf Hunter)                    Turns: 2264, Time: 00:00:09

Health: -1/25      AC:  7    Str: 10    XL:     4   Next: 48%
Magic:  6/6        EV: 11    Int: 14    God:
Gold:   95         SH:  0    Dex: 18    Spells: 3/3 levels left

rFire   . . .        a - +0 shortbow
rCold   . . .        (shield currently unavailable)
rNeg    . . .        h - +0 ring mail
rPois   .            (no helmet)
rElec   .            (no cloak)
rCorr   .            f - +1 pair of gloves
SInv    .            (no boots)
Will    .....        (no amulet)
Stlth   +            (no ring)
HPRegen 0.24/turn    (no ring)
MPRegen 0.10/turn

%: no passive effects
@: no status effects
A: no striking features
a: no special abilities


You were on level 3 of the Dungeon.
You visited 1 branch of the dungeon, and saw 3 of its levels.

You collected 95 gold pieces.


   Skills:
 - Level 1.5 Fighting
 + Level 7.9 Ranged Weapons
 - Level 2.4 Dodging
 - Level 1.2 Stealth


You had 3 spell levels left.
You didn't know any spells.
Your spell library was empty.

Inventory:

Hand Weapons
 a - a +0 shortbow (weapon)
Armour
 f - a +1 pair of gloves (worn)
 h - a +0 ring mail (worn)
Potions
 b - a potion of degeneration {unknown}

Dungeon Overview and Level Annotations

Branches:
Dungeon (3/15)

Altars:

Annotations:
D:2 1 runed translucent door, Crazy Yiuf


Message History

The orc wizard misses you.
You shoot an arrow. The arrow hits the orc wizard.
The orc wizard is heavily wounded.
The orc wizard casts a spell.
The orc wizard flickers and vanishes!
Deactivating autopickup; reactivate with Ctrl-A.
You shoot an arrow.
You hear some strange, mumbled words.
You are confused.
2254 ||| DRINKING potion of curing.
You feel better.
2254 ||| (to cure confusion)
Something hits you.
You shoot an arrow. The arrow barely misses the orc.
You hear some strange, mumbled words.
A magic dart appears from out of thin air!
The magic dart hits you! Something hits you but does no damage.
You shoot an arrow. The arrow barely misses the orc.
You hear some strange, mumbled words.
A magic dart appears from out of thin air!
The magic dart hits you!
You shoot an arrow. Something hits you but does no damage.
You shoot an arrow. The arrow barely misses the orc.
You hear some strange, mumbled words.
Something tries to affect you, but you resist.
You shoot an arrow. The arrow barely misses the orc.
Something hits you but does no damage.
You shoot an arrow. The arrow barely misses the orc.
Something hits you but does no damage.
You shoot an arrow. The arrow hits the orc.
The orc is lightly wounded.
Something hits you but does no damage. x2
You shoot an arrow. The arrow hits the orc!
You kill the orc!
Something hits you but does no damage.
You shoot an arrow. Something hits you.
You shoot an arrow. Something hits you.
You die...

# #.## ## .#. .##
.)#.% .). #{# #@#
#.# #.# #.# #.#
###############.#
#.............#.#
#.###########%#.#
#######.#.#


There were no monsters in sight!

Vanquished Creatures
  Terence (D:2)
  An adder (D:2)
  4 ribbon worms (D:2)
  A dart slug (D:2)
  2 orcs (D:3)
  3 endoplasms
  4 giant cockroaches
  4 goblins
  3 hobgoblins
  3 jackals (D:2)
  2 quokkas
  7 ball pythons
  5 bats
  6 frilled lizards
  6 rats
52 creatures vanquished.

Notes
Turn   | Place    | Note
-------+----------+-------------------------------------------
     0 | D:1      | qw the Deep Elf Hunter began the quest for the Orb.
     0 | D:1      | Reached XP level 1. HP: 12/12 MP: 3/3
     0 | D:1      | 0 ||| qw: Version: 0.3-a-160-g6735b56
     0 | D:1      | 0 ||| qw: Game counter: 5555
     0 | D:1      | 0 ||| qw: Melee chars always use a shield: true
     0 | D:1      | 0 ||| qw: God list: Okawaru
     0 | D:1      | 0 ||| qw: Allow faded altars: false
     0 | D:1      | 0 ||| qw: Do Orc after clearing Dungeon:15 true
     0 | D:1      | 0 ||| qw: Do second Lair branch before Depths: true
     0 | D:1      | 0 ||| qw: Lair rune preference: random
     0 | D:1      | 0 ||| qw: Goals: Normal
     0 | D:1      | 0 ||| PLANNING D:1-11
   169 | D:1      | Reached XP level 2. HP: 16/16 MP: 4/4
   178 | D:1      | Reached skill level 6 in Ranged Weapons
   570 | D:1      | 570 ||| UPGRADING to +0 pair of gloves.
   575 | D:1      | 575 ||| READING 2 scrolls labelled NOCUR PIUH.
   575 | D:1      | 575 ||| IDENTIFYING dark potion
   576 | D:1      | 576 ||| READING scroll of identify.
   576 | D:1      | 576 ||| IDENTIFYING scroll labelled ERANOM HOFUO
   577 | D:1      | 577 ||| READING scroll of enchant armour.
   577 | D:1      | 577 ||| ENCHANTING +0 pair of gloves.
   578 | D:1      | 578 ||| READING 2 scrolls labelled POMIBI EHEUNAE.
   579 | D:1      | 579 ||| READING scroll labelled BOUPPA MA YBB.
   582 | D:1      | 582 ||| DROPPING scroll of butterflies.
   583 | D:1      | 583 ||| DROPPING scroll of blinking.
   661 | D:2      | Identified the +3 short sword "Dragon's Tongue" {freeze,
                  | rPois}
   784 | D:2      | Reached XP level 3. HP: 9/20 MP: 5/5
   870 | D:2      | Reached skill level 7 in Ranged Weapons
  1072 | D:2      | Found a runed translucent door.
  1073 | D:2      | Noticed Crazy Yiuf
  1412 | D:2      | Noticed Terence
  1425 | D:2      | HP: 5/20 [Terence/+0 falchion (6)]
  1426 | D:2      | 1426 ||| READING scroll of teleportation.
  1594 | D:2      | 1594 ||| FLEEEEING.
  1605 | D:2      | 1605 ||| FLEEEEING.
  1606 | D:2      | 1606 ||| FLEEEEING.
  1607 | D:2      | 1607 ||| FLEEEEING.
  1608 | D:2      | 1608 ||| FLEEEEING.
  1609 | D:2      | 1609 ||| FLEEEEING.
  1611 | D:2      | 1611 ||| FLEEEEING.
  1613 | D:2      | 1613 ||| FLEEEEING.
  1619 | D:2      | Killed Terence
  1620 | D:2      | Reached XP level 4. HP: 24/25 MP: 6/6
  2086 | D:2      | 2086 ||| UPGRADING to +0 ring mail.
  2096 | D:2      | 2096 ||| DROPPING +0 leather armour.
  2097 | D:2      | 2097 ||| READING scroll labelled QIERHI OHAO.
  2098 | D:2      | 2098 ||| READING scroll labelled ZINTOI MYEMEPO.
  2254 | D:3      | 2254 ||| DRINKING potion of curing.
  2254 | D:3      | 2254 ||| (to cure confusion)
  2256 | D:3      | HP: 1/25 [something/magic dart (10)]
  2263 | D:3      | HP: 1/25 [something (2)]
  2264 | D:3      | Slain by an orc wizard

Levels and vault maps discovered:
D:1:      eino_arrival_water_cross, layout_loops_ring
D:2:      minmay_recursive_quarters, layout_basic, uniq_crazy_yiuf_cottage,
          uniq_terence
D:3:      layout_loops_ring, minmay_goblin_kobold_house

Skill      XL: |  1  2  3 |
---------------+----------+-----
Ranged Weapons | 6 7 |  7.9
Fighting       | |  1.5
Dodging        | |  2.4
Stealth        | |  1.2

Action                     |  1- 3 |  4- 6 || total
---------------------------+-------+-------++-------
   Fire: Shortbow          |   126 |    36 ||   162
    Use: Scroll            |     6 |     2 ||     8
         Potion            |       |     1 ||     1
 Armour: Leather armour    |    20 |       ||    20
         Ring mail         |       |    19 ||    19
  Dodge: Dodged            |    23 |     6 ||    29

Table legend:
 A = Non-vault XP
 B = Vault XP
 C = Vault XP percentage of total XP
 D = Non-vault monster count
 E = Vault monster count
 F = Vault count percentage of total count
                 A         B        C        D         E       F
            +---------+---------+-------+---------+---------+-------
      Total |      87 |      58 |  40.0 |      43 |       9 |  17.3
            +---------+---------+-------+---------+---------+-------
        D:1 |      23 |       0 |   0.0 |      17 |       0 |   0.0
        D:2 |      51 |      58 |  53.2 |      20 |       9 |  31.0
        D:3 |      13 |       0 |   0.0 |       6 |       0 |   0.0
            +---------+---------+-------+---------+---------+-------
